 Dungeon Crawl Stone Soup version 0.31-a0-177-g4aa6249778 (webtiles) character file.

Game seed: 13292168506601491507

37 Hajna the Sneak (level 3, -3/19 HPs)
             Began as a Kobold Enchanter on June 19, 2023.
             Slain by Natasha (9 damage)
             ... on level 2 of the Dungeon.
             The game lasted 00:03:18 (805 turns).

Hajna the Sneak (Kobold Enchanter)                   Turns: 805, Time: 00:03:18

Health: -3/19      AC:  3    Str:  5    XL:     3   Next: 60%
Magic:  6/6        EV: 15    Int: 16    God:
Gold:   101        SH:  0    Dex: 17    Spells: 4/6 levels left

rFire   . . .        a - +1 dagger
rCold   . . .        (no shield)
rNeg    . . .        b - +0 robe
rPois   .            e - +1 hat
rElec   .            (no cloak)
rCorr   .            (no gloves)
SInv    .            (no boots)
Will    .....        (no amulet)
Stlth   ++++         (no ring)
HPRegen 0.23/turn    (no ring)
MPRegen 0.10/turn

%: no passive effects
@: slowed, invisible, very slow
A: small, no large weapons, nightstalker 3
a: no special abilities


You were on level 2 of the Dungeon.
You visited 1 branch of the dungeon, and saw 2 of its levels.

You collected 101 gold pieces.

Inventory:

Hand Weapons
 a - a +1 dagger (weapon)
Armour
 b - a +0 robe (worn)
 e - a +1 hat (worn)
Magical Staves
 f - a staff of death
Scrolls
 d - a scroll of immolation
 g - 2 scrolls of vulnerability {unknown}
 h - 2 scrolls of teleportation {unknown}
 i - a scroll of enchant weapon {unknown}
 k - a scroll of identify {unknown}
Potions
 j - a potion of heal wounds


   Skills:
 + Level 1.8 Short Blades
 + Level 2.4 Dodging
 * Level 5.1 Stealth
 + Level 2.4 Spellcasting
 + Level 3.4 Hexes


You had 4 spell levels left.
You knew the following spells:

 Your Spells              Type           Power      Damage    Failure   Level
a - Ensorcelled Hibernat  Hex/Ice        14%        N/A       16%         2

Your spell library contained the following spells:

 Spells                   Type           Power      Damage    Failure   Level
 Confusing Touch          Hex            12%        N/A       14%         3
 Tukima's Dance           Hex            12%        N/A       14%         3
 Dazzling Flash           Conj/Hex       14%        N/A       30%         3


Dungeon Overview and Level Annotations

Branches:
Dungeon (2/15)

Altars:

Annotations:
D:2 Natasha


Innate Abilities, Weirdness & Mutations

You are small and have problems with some larger weapons.
You are completely attuned to the shadows.


Message History

Natasha claws you!
Press: ? - help, v - describe, . - travel
Here: Natasha (lightly wounded)
The floor.
You miss Natasha.
Natasha is lightly wounded.
Natasha casts a spell at you.
You feel yourself slow down.
It was a potion of heal wounds.
You feel much better. Natasha completely misses you. Natasha barely misses you.
You closely miss Natasha.
Natasha is lightly wounded.
Natasha casts a spell at you. The magic dart hits you.
You barely miss Natasha.
Natasha is lightly wounded.
Natasha casts a spell at you. The magic dart hits you!
You completely miss Natasha.
Natasha is lightly wounded.
Natasha completely misses you. Natasha claws you.
* * * LOW HITPOINT WARNING * * *
You feel much better.
Natasha casts a spell.
Natasha claws you!
Okay, then.
You fade into invisibility!
Natasha closely misses you. The cerulean imp misses you.
Natasha mumbles some strange words.
You feel disoriented. Natasha claws you. Natasha attacks as you move away!
Natasha claws you.
* * * LOW HITPOINT WARNING * * *
Natasha closely misses you.
Found a scroll labelled KECEDW LEERHIN.
Natasha barely misses you. Natasha barely misses you.
As you read the scroll labelled FARELY FOBA, it crumbles to dust.
The creatures around you are filled with an inner flame!
It was a scroll of immolation.
Natasha claws you!
You die...

. ###.....###.##.# #
#......#.....##.####
..###..##.....<....#
. #..##..........#
......).......#
............#
...........#
#..........#
#@.....)...#
.##h##.#######
.?...5#.#
#.......#######
####..........#
#..#...#.#.#
##.#.....$..
#.....#.#..
.#$#......


You could see Natasha (inner flame) and a cerulean imp (summoned, inner flame,
unable to see you).

Vanquished Creatures
  A dart slug (D:1)
  3 ball pythons
  2 endoplasms (D:1)
  2 giant cockroaches (D:1)
  5 goblins
  5 hobgoblins
  5 jackals (D:1)
  A quokka (D:2)
  A frilled lizard (D:1)
  2 kobolds (D:1)
  2 rats
29 creatures vanquished.

Notes
Turn   | Place    | Note
-------+----------+-------------------------------------------
     0 | D:1      | Hajna the Kobold Enchanter began the quest for the Orb.
     0 | D:1      | Reached XP level 1. HP: 10/10 MP: 3/3
   239 | D:1      | Reached XP level 2. HP: 15/15 MP: 5/5
   244 | D:1      | Learned a level 2 spell: Ensorcelled Hibernation
   448 | D:1      | Reached XP level 3. HP: 19/19 MP: 6/6
   511 | D:1      | Reached skill level 5 in Stealth
   786 | D:2      | Noticed Natasha
   805 | D:2      | Slain by Natasha

Illustrated notes

Levels and vault maps discovered:
D:1:      dpeg_arrival_tiny_c, layout_basic
D:2:      layout_rooms, basic_altar, glass_columns_a, kennysheep_small_spiral,
          minivault_14, uniq_natasha

Skill      XL: |  1  2  3 |
---------------+----------+-----
Stealth        | 5 |  5.1
Short Blades   | |  1.8
Dodging        | |  2.4
Spellcasting   | |  2.4
Hexes          | |  3.4

Action                     || total
---------------------------++-------
  Melee: Dagger            ||    51
   Cast: Ensorcelled Hiber ||     1
    Use: Potion            ||     4
         Scroll            ||     1
   Stab: Sleeping          ||    21
         Invisible         ||     3
         Distracted        ||     1
 Armour: Robe              ||     3
  Dodge: Dodged            ||    41

Table legend: (Time is in decaauts)
 A = Elapsed time spent in this place.
 B = Non-inter-level travel time spent in this place.
 C = Inter-level travel time spent in this place.
 D = Time resting spent in this place.
 E = Time spent auto-exploring this place.
 F = Levels seen in this place.
 G = Mean time per level.
                   A        B        C        D        E       F      G
               +--------+--------+--------+--------+--------+-----+--------+
         Total |    807 |    785 |     22 |      0 |    595 |   2 |  403.5 |
       Dungeon |    807 |    785 |     22 |      0 |    595 |   2 |  403.5 |
               +--------+--------+--------+--------+--------+-----+--------+

Top non-repeatable levels by time:
     D:1: 666 daAuts
     D:2: 140 daAuts
